 Dungeon Crawl Stone Soup version 0.23-a0-650-ga4d50d4 (webtiles) character file.

171295 CanOfBees the Crack Shot (level 17, -1/163 HPs)
             Began as a Centaur Hunter on Jan 3, 2019.
             Was a High Priest of Okawaru.
             Slain by a shambling mangrove (10 damage)
             ... on level 3 of the Swamp on Jan 4, 2019.
             The game lasted 01:38:19 (41322 turns).

CanOfBees the Crack Shot (Centaur Hunter)          Turns: 41322, Time: 01:38:20

Health: -1/163     AC: 25    Str: 28    XL:     17   Next: 39%
Magic:  18/24      EV:  9    Int: 10    God:    Okawaru [*****.]
Gold:   1125       SH:  0    Dex: 12    Spells: 16/16 levels left

rFire    + + +     SeeInvis +   m - +2 great mace of Qofuetul {flame, Str+4}
rCold    + + .     Gourm    .   (shield currently unavailable)
rNeg     + . .     Faith    .   S - +2 plate armour {rF+}
rPois    +         Spirit   .   E - +0 mask of the Dragon {MR+ Slay+3 SInv}
rElec    +         Reflect  .   V - +1 cloak of Starlight {rElec rC+ EV+4 Stlth--}
rCorr    .         Harm     .   (no gloves)
MR       ++...                  c - +0 centaur barding {Fly}
Stlth    ..........             x - amulet of regeneration
HPRegen  0.77/turn              (no ring)
MPRegen  0.19/turn              y - ring "Qarghi" {rPois rF++ rC+ rN+ Str+4}

@: heroism, finesse, grasped by roots, flying, very slightly contaminated,
constricted, very quick
A: large, hooves 3, deformed body, speed 2, tough skin 3
a: Heroism, Finesse, Renounce Religion, Stop Flying


You were on level 3 of the Swamp.
You worshipped Okawaru.
Okawaru was extremely pleased with you.
You were not hungry.

You visited 5 branches of the dungeon, and saw 27 of its levels.
You also visited: Bailey, Gauntlet and Ice Cave.

You collected 2932 gold pieces.
You spent 1807 gold pieces at shops.

Inventory:

Hand Weapons
 a - a +1 longbow
 b - a +2 shortbow of flaming
 m - the +2 great mace of Qofuetul (weapon) {flame, Str+4}
   (You took it off an ogre on level 5 of the Dungeon)

   It has been specially enchanted to burn those struck by it, causing extra
   injury to most foes and up to half again as much damage against particularly
   susceptible opponents.
   It affects your strength (+4).
Missiles
 d - 42 arrows
 F - 21 javelins (quivered)
Armour
 c - a +0 centaur barding of flying (worn)
 E - the +0 mask of the Dragon (worn) {MR+ Slay+3 SInv}
   (You found it on level 4 of the Dungeon)

   It affects your accuracy and damage with ranged weapons and melee attacks
   (+3).
   It affects your resistance to hostile enchantments.
   It lets you see invisible.
 S - a +2 plate armour of fire resistance (worn)
 V - the +1 cloak of Starlight (worn) {rElec rC+ EV+4 Stlth--}
   (You bought it in a shop on level 6 of the Dungeon)

   It affects your evasion (+4).
   It protects you from cold.
   It insulates you from electricity.
   It makes you much less stealthy.
Jewellery
 x - an amulet of regeneration (around neck)
 y - the ring "Qarghi" (right hand) {rPois rF++ rC+ rN+ Str+4}
   (You bought it in a shop on level 2 of the Orcish Mines)

   [ring of positive energy]

   It affects your strength (+4).
   It greatly protects you from fire.
   It protects you from cold.
   It protects you from poison.
   It protects you from negative energy.
Wands
 h - a wand of iceblast (52)
 o - a wand of flame (25)
 u - a wand of clouds (5)
 D - a wand of polymorph (28)
 G - a wand of digging (8)
 L - a wand of disintegration (28)
 Q - a wand of paralysis (16)
 U - a wand of acid (21)
Scrolls
 g - 17 scrolls of teleportation
 i - 5 scrolls of fear
 l - 2 scrolls of holy word
 n - a scroll of noise
 s - 2 scrolls of immolation
 t - a scroll of fog
 w - a scroll of vulnerability
 A - 6 scrolls of remove curse
 B - a scroll of identify
 J - a scroll of torment
 M - a scroll of silence
 R - 2 scrolls of magic mapping
Potions
 e - 7 potions of agility
 j - a potion of cancellation
 p - 4 potions of ambrosia
 q - 2 potions of haste
 r - 2 potions of might
 v - 10 potions of curing
 z - 7 potions of heal wounds
 H - 3 potions of resistance
 O - a potion of invisibility
Miscellaneous
 C - a lightning rod (4/4)
 N - a phantom mirror
Comestibles
 f - 58 rations


   Skills:
 + Level 17.7(22.7) Fighting
 + Level 22.2(27) Bows
 + Level 8.8(13.8) Armour
 - Level 4.0(9.0) Dodging
 - Level 0.4(5.4) Stealth
 - Level 10.0 Invocations
 - Level 6.5 Evocations


You had 16 spell levels left.
You didn't know any spells.
Your spell library contained the following spells:

 Spells                   Type           Power        Failure   Level  Hunger
 Animate Skeleton         Necr           N/A          94%         1    ##.....
 Apportation              Tloc           #.....       94%         1    ##.....
 Beastly Appendage        Tmut           #.....       94%         1    ##.....
 Confusing Touch          Hex            #.....       94%         1    ##.....
 Freeze                   Ice            #...         94%         1    ##.....
 Magic Dart               Conj           #...         94%         1    ##.....
 Summon Small Mammal      Summ           #...         94%         1    ##.....
 Poisonous Vapours        Pois/Air       #.....       98%         2    ###....
 Searing Ray              Conj           #.....       98%         2    ###....
 Sticks to Snakes         Tmut           #.......     98%         2    ###....
 Throw Frost              Conj/Ice       #.....       98%         2    ###....
 Confuse                  Hex            #.......     100%        3    ####...
 Conjure Flame            Conj/Fire      #.......     100%        3    ####...
 Dazzling Spray           Conj/Hex       #.....       100%        3    ####...
 Gell's Gravitas          Tloc           #.........   100%        3    ####...
 Mephitic Cloud           Conj/Pois/Air  #.......     100%        3    ####...
 Ozocubu's Armour         Chrm/Ice       #.......     100%        3    ####...
 Spider Form              Tmut/Pois      #.........   100%        3    ####...
 Cause Fear               Hex            #.........   100%        4    #####..
 Force Lance              Conj/Tloc      #.......     100%        4    #####..
 Fulminant Prism          Conj/Hex       #.........   100%        4    #####..
 Ice Form                 Ice/Tmut       #.......     100%        4    #####..
 Iskenderun's Mystic Bla  Conj           #.......     100%        4    #####..
 Petrify                  Tmut/Erth      #.......     100%        4    #####..
 Summon Ice Beast         Ice/Summ       #.......     100%        4    #####..
 Throw Icicle             Conj/Ice       #.......     100%        4    #####..
 Blade Hands              Tmut           #.........   100%        5    ######.
 Irradiate                Conj/Tmut      #.........   100%        5    ######.
 Metabolic Englaciation   Hex/Ice        #.........   100%        5    ######.
 Silence                  Hex/Air        #.........   100%        5    ######.
 Yara's Violent Unravell  Hex/Tmut       #.........   100%        5    ######.
 Deflect Missiles         Chrm/Air       #.........   100%        6    #######
 Freezing Cloud           Conj/Ice/Air   #.........   100%        6    #######
 Hydra Form               Tmut           #.........   100%        6    #######
 Statue Form              Tmut/Erth      #........    100%        6    #######
 Dragon Form              Tmut           #.........   100%        7    #######
 Ring of Flames           Chrm/Fire      #.........   100%        7    #######
 Discord                  Hex            #.........   100%        8    #######


Dungeon Overview and Level Annotations

Branches:
Dungeon (15/15)            Temple (1/1) D:5            Lair (6/6) D:10
  Swamp (3/4) Lair:3       Spider (0/4) Lair:3        Slime (0/5) Lair:6
    Orc (2/2) D:11            Elf (0/3) Orc:2        Vaults (0/5) D:13
 Depths (0/5) D:15

Altars:
Ashenzari
Elyvilon
Fedhas
Gozag
Kikubaaqudgha
Makhleb
Nemelex Xobeh
Okawaru
Qazlal
Trog
Uskayaw
Wu Jian
Xom
Yredelemnul
Zin
The Shining One
Beogh
Jiyva

Shops:
D:4 !   D:6 [   D:15 (   Orc:1 :   Orc:2 [=(*


Innate Abilities, Weirdness & Mutations

You have hooves in place of feet.
Armour fits poorly on your strangely shaped body.
You cover ground very quickly.
You have extremely tough skin. (AC +3)


Message History

The grasping roots constrict you!
Okay, then.
As you read the scroll of fear, it crumbles to dust.
You assume a fearsome visage.
The shambling mangrove is unaffected.
The spriggan rider resists with some effort.
The swamp worm looks frightened!
You feel yourself speed up.
You feel sick.
You are no longer poisoned.
Blink to where?
Press: ? - help, Dir - move target cursor, p - spriggan rider You escape the roots' grasp.
You are very lightly contaminated with residual magic.
As you read the scroll of blinking, it crumbles to dust.
Roots burst forth from the earth!
The grasping roots grab you! The grasping roots constrict you.
As you read the scroll of fog, it crumbles to dust.
The scroll dissolves into smoke.
You die...

♣≈≈.♣ ♣.≈.♣ ♣♣
≈♣♣♣..(.≈..≈≈ ♣.♣♣
....(≈≈≈..≈≈♣
♣♣♣...♣♣
≈≈fw≈≈≈≈.♣...
≈≈≈♣...♣
♣♣i≈♣>≈≈≈♣♣ ♣♣
≈......♣♣
♣♣♣♣♣♣.≈≈.♣..♣♣
≈≈≈.≈≈≈.♣♣
♣.§§§§§≈≈.♣♣♣♣
≈≈.≈≈≈≈..♣
♣≈§§@§§≈≈.♣
≈≈.≈≈≈≈§≈♣
♣≈§§♣♣..≈♣♣
≈≈≈≈≈..♣
♣♣♣♣..♣♣♣♣♣♣≈.≈§≈.
≈≈§≈≈≈≈♣♣♣...♣♣.♣♣
≈≈≈≈≈
♣♣.≈≈.♣♣♣≈.≈≈.♣≈≈♣
≈≈≈§ ♣♣.≈.♣
♣≈≈≈≈≈≈...♣ ≈≈.
♣♣≈≈≈♣♣♣≈≈≈≈≈.♣♣♣♣
≈≈
♣♣.≈≈≈≈≈.≈≈≈§≈≈≈♣
≈≈ ≈
♣≈.≈≈≈..≈≈≈≈≈≈.♣♣
≈..


You could see a shambling mangrove, a spriggan rider and a swamp worm (fleeing).

Vanquished Creatures
  Rupert (D:15)
  Kirke (Lair:4)
  2 orc warlords
  A war gargoyle (D:14)
  An ettin (D:14)
  3 fire dragons
  2 ogre magi
  Josephine (Lair:4)
  2 yaktaur captains (D:14)
  A catoblepas (Lair:4)
  A vault guard (D:13)
  10 hydras
  Erica (D:8)
  A ghost crab (Swamp:2)
  11 alligators
  2 centaur warriors
  2 shambling mangroves (Swamp:2)
  A death knight (D:15)
  2 orc high priests (Orc:2)
  15 death yaks
  9 two-headed ogres
  Urug (Lair:3)
  A tengu warrior (D:13)
  5 spriggans
  Nergalle (D:11)
  A fire crab (Lair:6)
  An iron troll (D:10)
  3 skeletal warriors (D:15)
  5 unseen horrors
  3 deep trolls (D:10)
  3 swamp dragons
  A wizard (Swamp:1)
  A death drake (shapeshifter) (D:13)
  6 orc knights
  Pikel (D:8)
  A spriggan druid (Swamp:2)
  A necromancer (IceCv)
  2 ugly things (D:11)
  2 orc sorcerers (Orc:2)
  A manticore (D:12)
  6 elephants
  A deep elf mage (D:13)
  18 slime creatures
  4 cyclopes
  4 black mambas
  An ice statue (IceCv)
  11 spiny frogs
  2 gargoyles
  3 centaur skeletons (D:15)
  A kobold demonologist (D:13)
  4 rime drakes
  10 freezing wraiths (IceCv)
  2 ice devils (D:15)
  2 tengu conjurers
  5 komodo dragons
  8 trolls
  A wolf spider simulacrum (IceCv)
  6 jumping spiders (Lair:3)
  7 tyrant leeches
  13 hornets
  2 polar bears
  4 bog bodies
  11 blink frogs
  4 dream sheep (Lair:5)
  6 hippogriffs
  2 redbacks (Lair:3)
  A tarantella (shapeshifter) (D:14)
  Sigmund (D:3)
  5 wraiths
  6 wyverns
  A vampire (D:12)
  38 yaks
  A human (D:7)
  A basilisk (Lair:6)
  4 hogs
  A steam dragon (Lair:6)
  14 vampire mosquitoes
  A hungry ghost (D:12)
  3 wargs
  5 acid dragons
  21 insubstantial wisps
  10 swamp worms
  11 water moccasins
  5 sky beasts
  6 swamp drakes
  7 porcupines
  4 black bears
  43 orc warriors
  An eye of draining (D:15)
  2 slaves (D:8)
  9 ice beasts
  A necrophage (D:14)
  28 ogres
  5 centaurs
  6 wolves (Lair:6)
  10 crocodiles
  Blork the orc (D:5)
  A big kobold (D:9)
  The ghost of Supercliff the Conjurer, an amateur DECj of Kikubaaqudgha (D:5)
  2 wyvern zombies
  15 bullfrogs
  A gnoll sergeant (D:9)
  A water moccasin zombie (D:6)
  A wyvern skeleton (D:13)
  4 scorpions
  14 wights
  An elephant simulacrum (IceCv)
  7 killer bees
  2 howler monkeys (D:12)
  3 electric eels (D:10)
  7 centaur zombies
  5 crimson imps
  4 draconian simulacra (IceCv)
  7 jellies
  18 orc priests
  9 hounds
  Jessica (D:2)
  A gnoll shaman (D:7)
  Terence (D:2)
  5 iguanas
  Natasha (thrice) (D:2)
  30 orc wizards
  12 worker ants
  5 troll simulacra (IceCv)
  2 spriggan simulacra (IceCv)
  A polar bear simulacrum (IceCv)
  A wolf simulacrum (IceCv)
  A centaur simulacrum (IceCv)
  A worker ant zombie (D:11)
  Robin (D:3)
  13 gnolls
  4 ogre simulacra (IceCv)
  9 adders
  4 naga simulacra (IceCv)
  6 shadow imps
  12 white imps (IceCv)
  An ooze (D:4)
  An adder skeleton (D:5)
  5 worms
  7 dart slugs
  7 leopard geckos
  99 orcs
  8 bats
  4 giant cockroaches
  22 goblins
  12 hobgoblins
  3 jackals (D:3)
  6 quokkas
  2 ball pythons
  4 frilled lizards
  23 kobolds
  A quokka skeleton (D:8)
  11 rats
  A bush (D:10)
933 creatures vanquished.

Vanquished Creatures (others)
  Nikola (Swamp:2)
  An unseen horror (D:12)
  A hound (D:8)
  8 fungi
  10 plants
21 creatures vanquished.

Grand Total: 954 creatures vanquished

Notes
Turn   | Place    | Note
-------+----------+-------------------------------------------
     0 | D:1      | CanOfBees the Centaur Hunter began the quest for the Orb.
     0 | D:1      | Reached XP level 1. HP: 17/17 MP: 1/1
   104 | D:1      | Reached XP level 2. HP: 18/24 MP: 2/2
   593 | D:2      | Reached XP level 3. HP: 28/30 MP: 3/3
   689 | D:2      | Reached skill level 1 in Armour
   754 | D:2      | Noticed Terence
   790 | D:2      | Killed Terence
   790 | D:2      | Reached skill level 6 in Bows
   790 | D:2      | Reached XP level 4. HP: 24/37 MP: 4/4
  1467 | D:2      | Noticed Jessica
  1471 | D:2      | Killed Jessica
  1627 | D:2      | Reached XP level 5. HP: 41/45 MP: 5/5
  1875 | D:2      | Noticed Natasha
  1886 | D:2      | Killed Natasha
  2037 | D:2      | Noticed Natasha
  2045 | D:2      | Killed Natasha
  2100 | D:2      | Noticed Natasha
  2106 | D:2      | Killed Natasha
  2232 | D:3      | Found a white marble altar of Elyvilon.
  2275 | D:3      | Noticed Sigmund
  2303 | D:3      | Killed Sigmund
  2303 | D:3      | Reached skill level 7 in Bows
  2303 | D:3      | Reached XP level 6. HP: 16/52 MP: 6/6
  2827 | D:3      | Found a shattered altar of Ashenzari.
  3011 | D:3      | Noticed Robin
  3044 | D:3      | Killed Robin
  3101 | D:3      | Reached XP level 7. HP: 54/59 MP: 7/7
  3808 | D:4      | Found the +0 mask of the Dragon {MR+ Slay+3 SInv}
  4176 | D:4      | Found Erehim's Distillery.
  4182 | D:4      | Bought a potion of heal wounds for 60 gold pieces
  4182 | D:4      | Bought a potion of degeneration for 12 gold pieces
  4590 | D:5      | Entered Level 5 of the Dungeon
  4708 | D:5      | Found a transporter.
  4709 | D:5      | Noticed Supercliff's ghost (amateur DECj)
  4723 | D:5      | Reached skill level 5 in Fighting
  4723 | D:5      | Reached skill level 8 in Bows
  4742 | D:5      | Identified the +2 great mace of Qofuetul {flame, Str+4}
  5007 | D:5      | Noticed Blork the orc
  5041 | D:5      | Killed Blork the orc
  5099 | D:5      | Reached XP level 8. HP: 69/69 MP: 8/8
  5104 | D:5      | Found a staircase to the Ecumenical Temple.
  5116 | Temple   | Entered the Ecumenical Temple
  5210 | Temple   | Became a worshipper of Warmaster Okawaru
  5505 | D:5      | Found a transporter.
  5593 | D:6      | Reached skill level 1 in Invocations
  5628 | D:6      | Found a glowing silver altar of Zin.
  5723 | D:6      | Found Naymakh's Armour Shoppe.
  5871 | D:6      | Reached skill level 9 in Bows
  5886 | D:6      | Found an opulent altar of Gozag.
  6425 | D:6      | Reached * piety under Okawaru
  6877 | D:7      | Reached skill level 10 in Bows
  6958 | D:7      | Reached ** piety under Okawaru
  6958 | D:7      | Reached XP level 9. HP: 55/79 MP: 12/12
  7458 | D:7      | Reached skill level 5 in Invocations
  7818 | D:7      | Reached skill level 11 in Bows
  7946 | D:7      | Reached *** piety under Okawaru
  8054 | D:7      | Found a blossoming altar of Fedhas.
  8217 | D:8      | Noticed Erica
  8267 | D:8      | Killed Erica
  8267 | D:8      | Received a gift from Okawaru
  8267 | D:8      | Reached XP level 10. HP: 84/90 MP: 13/15
  8366 | D:8      | Received a gift from Okawaru
  8451 | D:8      | Noticed Pikel
  8557 | D:8      | Killed Pikel
  8557 | D:8      | Reached **** piety under Okawaru
  8557 | D:8      | Reached skill level 12 in Bows
  8642 | D:8      | Found a sparkling altar of Nemelex Xobeh.
  8645 | D:8      | Found a basalt altar of Yredelemnul.
  8903 | D:8      | Found a glowing golden altar of the Shining One.
  9051 | D:8      | Found a burning altar of Makhleb.
  9467 | D:8      | Received a gift from Okawaru
  9880 | D:9      | Reached skill level 13 in Bows
 10280 | D:10     | Entered Level 10 of the Dungeon
 10383 | D:10     | Reached skill level 10 in Fighting
 10410 | D:10     | Reached ***** piety under Okawaru
 10417 | D:10     | Received a gift from Okawaru
 10465 | D:10     | Paralysed by a hornet for 2 turns
 10864 | D:6      | Bought the +1 cloak of Starlight {rElec rC+ EV+4 Stlth--}
                  | for 445 gold pieces
 10864 | D:6      | Found the +1 cloak of Starlight {rElec rC+ EV+4 Stlth--}
 10993 | D:10     | Found a staircase to the Lair.
 10993 | D:10     | Noticed a death yak
 10994 | D:10     | Noticed a death yak
 11033 | D:9      | Killed a death yak
 11033 | D:9      | Reached XP level 11. HP: 69/100 MP: 17/17
 11262 | D:10     | Noticed an unseen horror
 11267 | D:10     | Killed an unseen horror
 11384 | D:10     | Noticed a death yak
 11384 | D:10     | Noticed a death yak
 11397 | D:10     | Noticed a death yak
 11409 | D:10     | Killed a death yak
 11422 | D:10     | Killed a death yak
 11422 | D:10     | Received a gift from Okawaru
 11437 | D:10     | Noticed a death yak
 11517 | D:10     | Killed a death yak
 11517 | D:10     | Received a gift from Okawaru
 11517 | D:10     | Reached skill level 14 in Bows
 11544 | D:10     | Killed a death yak
 11544 | D:10     | Received a gift from Okawaru
 11570 | D:10     | Killed a death yak
 11816 | D:10     | Reached skill level 5 in Armour
 12401 | D:10     | Noticed a deep troll
 12401 | D:10     | Noticed a deep troll
 12427 | D:10     | Killed a deep troll
 12489 | D:10     | Killed a deep troll
 12489 | D:10     | Received a gift from Okawaru
 12629 | D:10     | Noticed an iron troll
 12629 | D:10     | Noticed a deep troll
 12654 | D:10     | Killed a deep troll
 12654 | D:10     | Received a gift from Okawaru
 12670 | D:10     | Reached XP level 12. HP: 110/110 MP: 18/18
 12678 | D:10     | Reached skill level 15 in Bows
 13010 | Lair:1   | Entered Level 1 of the Lair of Beasts
 13446 | Lair:1   | Reached skill level 1 in Evocations
 13843 | Lair:2   | Found a gate leading to a gauntlet.
 13852 | Gauntlet | Entered a Gauntlet
 13852 | Gauntlet | Found a transporter.
 13860 | Gauntlet | Found a transporter.
 13861 | Gauntlet | Found the ring of Shadows {Umbra +Inv Stlth+}
 13862 | Gauntlet | Found a transporter.
 13879 | Gauntlet | Found a transporter.
 13882 | Gauntlet | Found a transporter.
 13883 | Gauntlet | Found a runed door.
 13886 | Gauntlet | Found a runed door.
 13889 | Gauntlet | Found a transporter.
 13903 | Gauntlet | Found a runed door.
 13905 | Gauntlet | Found a transporter.
 13907 | Gauntlet | Found a runed door.
 13908 | Gauntlet | Noticed an entropy weaver
 13912 | Gauntlet | Noticed a reaper
 13915 | Gauntlet | Found a transporter.
 13925 | Gauntlet | Found a transporter.
 13939 | Gauntlet | Found a transporter.
 13950 | Gauntlet | Found a transporter.
 13950 | Gauntlet | Found a transporter.
 13961 | Gauntlet | Noticed a queen ant
 14001 | Gauntlet | Found a transporter.
 14015 | Gauntlet | Found a transporter.
 15396 | Lair:3   | Found a hole to the Spider Nest.
 15509 | Lair:3   | Found a staircase to the Swamp.
 15747 | Lair:3   | Noticed Urug
 15763 | Lair:3   | Killed Urug
 15973 | Lair:3   | Reached skill level 16 in Bows
 16012 | Lair:3   | Received a gift from Okawaru
 16440 | Lair:4   | Noticed Josephine
 16449 | Lair:4   | Killed Josephine
 16809 | Lair:4   | Reached skill level 5 in Evocations
 17010 | Lair:4   | Noticed Kirke
 17034 | Lair:4   | Killed Kirke
 17034 | Lair:4   | Reached XP level 13. HP: 119/119 MP: 14/19
 17636 | Lair:5   | Reached skill level 17 in Bows
 18066 | Lair:5   | Received a gift from Okawaru
 18079 | Lair:5   | Reached ****** piety under Okawaru
 18300 | Lair:5   | Received a gift from Okawaru
 18994 | Lair:6   | Entered Level 6 of the Lair of Beasts
 19456 | Lair:6   | Reached skill level 18 in Bows
 19645 | Lair:6   | Received a gift from Okawaru
 20552 | Lair:6   | Reached XP level 14. HP: 133/133 MP: 20/20
 20780 | Lair:6   | Got a shimmering cloak {god gift}
 21181 | Lair:6   | Found a staircase to the Slime Pits.
 21181 | Lair:6   | Found a viscous altar of Jiyva.
 22562 | Lair:6   | Identified the +1 cloak "Lidghaut" {+Fly rElec rC+ Str+3}
                  | (Okawaru gifted it to you on level 6 of the Lair of Beasts)
 23951 | D:11     | Noticed Nergalle
 23973 | D:11     | Killed Nergalle
 24020 | D:11     | Received a gift from Okawaru
 24212 | D:11     | Found a staircase to the Orcish Mines.
 24699 | D:12     | Received a gift from Okawaru
 24986 | D:12     | Reached skill level 19 in Bows
 25010 | D:12     | Received a gift from Okawaru
 25081 | D:12     | Got a warped centaur barding {god gift}
 25450 | D:13     | Found a flagged portal.
 25459 | Bailey   | Entered a bailey
 25515 | Bailey   | Noticed an orc warlord
 25834 | Bailey   | Found a runed gate.
 25847 | Bailey   | Found a runed gate.
 25848 | Bailey   | Found a runed gate.
 26271 | Bailey   | Killed an orc warlord
 26271 | Bailey   | Reached skill level 15 in Fighting
 26271 | Bailey   | Reached skill level 10 in Invocations
 28010 | D:13     | Found a gate to the Vaults.
 28131 | D:13     | Identified the +0 centaur barding "Tuyff" {*Contam rElec
                  | rPois rCorr} (Okawaru gifted it to you on level 12 of the
                  | Dungeon)
 28257 | Lair:1   | Reached XP level 15. HP: 141/141 MP: 22/22
 28843 | D:14     | Found a runed door.
 29359 | D:15     | Entered Level 15 of the Dungeon
 29475 | D:15     | Found a frozen archway.
 29480 | IceCv    | Entered an ice cave
 29735 | IceCv    | Reached XP level 16. HP: 147/149 MP: 23/23
 29824 | IceCv    | Found an ancient bone altar of Kikubaaqudgha.
 30735 | IceCv    | Got an ancient lapis lazuli ring
 31068 | D:15     | Reached skill level 20 in Bows
 31354 | D:15     | Received a gift from Okawaru
 31355 | D:15     | Got a faintly humming hat {god gift}
 31465 | D:15     | Identified the ring of the Modern Demons {Ice Int+4} (You
                  | found it in an ice cave)
 31526 | D:15     | Found Welerret's Weapon Boutique.
 31716 | D:15     | Noticed Rupert
 31768 | D:15     | Paralysed by Rupert for 3 turns
 31775 | D:15     | Killed Rupert
 32001 | D:15     | Found a staircase to the Depths.
 32961 | Orc:1    | Entered Level 1 of the Orcish Mines
 33297 | Orc:1    | Found Emichub's Book Boutique.
 33521 | Orc:2    | Entered Level 2 of the Orcish Mines
 34071 | Orc:2    | Found a roughly hewn altar of Beogh.
 34103 | Orc:2    | Reached skill level 21 in Bows
 34138 | Orc:2    | Found Lawan's General Store.
 34162 | Orc:2    | Found Loniytt's Antique Weapon Shoppe.
 34180 | Orc:2    | Found Besereh's Antique Armour Shoppe.
 34216 | Orc:2    | Bought a scroll of vulnerability for 105 gold pieces
 34300 | Orc:2    | Found Ibrohyab's Jewellery Shoppe.
 34457 | Orc:2    | Bought a scroll of identify for 28 gold pieces
 34457 | Orc:2    | Bought a scroll of identify for 28 gold pieces
 34462 | Orc:2    | Identified the +0 hat of Ihayz {Dex+4} (Okawaru gifted it
                  | to you on level 15 of the Dungeon)
 34478 | Orc:2    | Bought the ring "Qarghi" {rPois rF++ rC+ rN+ Str+4} for 961
                  | gold pieces
 34591 | Orc:2    | Found a bloodstained altar of Trog.
 35120 | Orc:2    | Found a staircase to the Elven Halls.
 35829 | D:4      | Bought a potion of cancellation for 96 gold pieces
 35829 | D:4      | Bought 2 potions of flight for 72 gold pieces
 35925 | D:5      | Killed Supercliff's ghost
 36161 | Swamp:1  | Entered Level 1 of the Swamp
 38014 | Lair:2   | Received a gift from Okawaru
 38089 | Lair:3   | Reached XP level 17. HP: 141/161 MP: 24/24
 38533 | Swamp:2  | Received a gift from Okawaru
 38981 | Lair:1   | Identified a scroll of acquirement
 39934 | Swamp:2  | Noticed Nikola
 39955 | Swamp:2  | Killed Nikola
 39955 | Swamp:2  | Reached skill level 22 in Bows
 40757 | Swamp:2  | Received a gift from Okawaru
 41318 | Swamp:3  | HP: 8/163 [shambling mangrove (7)]
 41322 | Swamp:3  | Slain by a shambling mangrove

Vault maps used:
D:1:      dpeg_arrival_pond, serial_glass, glass_columns_a, glass_columns_c,
          feat_on_display
D:2:      chequers_serial_rivers_room_a, uniq_natasha, uniq_terence,
          uniq_jessica
D:3:      minmay_spotlight, elyvilon_altar_4, lemuel_doored_altar,
          kennysheep_generic_room_7, uniq_robin, uniq_sigmund
D:4:      serial_shops, shop, first_ration, kennysheep_generic_room_10
D:5:      temple_hall, gammafunk_ghost_smash, uniq_blork_the_orc
D:6:      zin_academy, nicolae_overflow_crystal_walls, serial_shops,
          nicolae_shop_waterfront
D:7:      lemuel_coloured_pillars_altar, grunt_livestock
D:8:      chequers_temple_overflow_statue_of_worship, marbit_many_paths,
          makhleb_heckhound_becter, uniq_erica, uniq_pikel
D:10:     lemuel_troll_bridge, dpeg_lair_monsters, kb_lookout_dungeons_type
D:11:     david_orc_4, uniq_nergalle
D:12:     hangedman_abyss_or_decor_stabs
D:13:     david_vaults_5, enter_bailey_6
D:14:     hangedman_decor_clover_reticule, minmay_hidden_floor
D:15:     grunt_enter_depths_hoard, hangedman_abyss_or_decor_slice,
          portal_ice_cave_demonic_guard, serial_shops, shop, uniq_rupert
Temple:   minmay_temple_curvy_branch
Lair:1:   lemuel_fruit_fields
Lair:2:   gauntlet_entry_generic
Lair:3:   minmay_swamp_entry_reptiles, nicolae_spider_entry_tight_spaces,
          lemuel_fruit_tree, grunt_megastairs_3, uniq_urug
Lair:4:   uniq_kirke, uniq_josephine
Lair:5:   minivault_27
Lair:6:   guppyfry_lair_end_dragon, slime_altar_1
Swamp:1:  infiniplex_staircase_pool, swamp_pool3, grunt_witch_cave
Swamp:2:  evilmike_swamp_ruin_rubble_1, nicolae_swamp_triple_paths, uniq_nikola
Swamp:3:  evilmike_swamp_ruin_house_2
Orc:1:    serial_shops, shop
Orc:2:    grunt_orc_cross, basic_altar
Bailey:   bailey_axe_bossmonster_kennysheep, bailey
IceCv:    ice_cave_small_necro
Gauntlet: minmay_gauntlet_77_tree

Skill      XL: |  1  2  3  4  5  6  7  8  9 10 11 12 13 14 15 16 17 |
---------------+----------------------------------------------------+-----
Armour         | 1 2 3 5 6 7 8 |  8.8
Bows           | 6 7 8 10 11 13 14 16 18 19 21 22 | 22.2
Dodging        | 2 3 4 |  4.0
Fighting       | 3 4 5 7 8 10 11 12 14 15 17 | 17.7
Invocations    | 4 6 8 10 | 10.0
Evocations     | 5 6 |  6.5
Stealth        | |  0.4

Action                   |  1- 3 |  4- 6 |  7- 9 | 10-12 | 13-15 | 16-18 || total
-------------------------+-------+-------+-------+-------+-------+-------++-------
Melee: Short sword       |    34 |    20 |    28 |    21 |       |       ||   103
       Kick              |    15 |    28 |    27 |    19 |     2 |    30 ||   121
       Dagger            |    45 |   133 |   116 |    24 |       |       ||   318
       Shortbow          |       |       |       |     1 |     4 |       ||     5
       Great mace        |       |       |       |       |       |    74 ||    74
       Great sword       |       |       |       |       |       |     5 ||     5
 Fire: Shortbow          |     8 |    10 |   117 |   830 |  1222 |   486 ||  2673
       Longbow           |       |       |       |       |   224 |   808 ||  1032
Throw: Javelin           |     2 |       |    10 |     3 |       |    10 ||    25
Invok: Finesse           |       |       |       |     5 |     6 |    12 ||    23
       Heroism           |       |       |       |     1 |     1 |     2 ||     4
 Abil: Stop Flying       |       |       |       |       |     1 |       ||     1
       Evoke Flight      |       |       |       |       |     1 |       ||     1
Evoke: Wand              |       |       |       |    17 |     7 |     7 ||    31
  Use: Scroll            |       |     3 |     8 |    11 |    13 |    14 ||    49
       Potion            |       |       |     3 |     2 |     4 |     3 ||    12
  Eat: Chunk             |       |     6 |    12 |    20 |    26 |    18 ||    82
       Ration            |       |       |       |       |     1 |     4 ||     5
Armor: Leather armour    |    13 |       |       |       |       |       ||    13
       Scale mail        |    57 |    63 |    42 |       |       |       ||   162
       Ring mail         |       |       |    11 |    26 |       |       ||    37
       Plate armour      |       |       |       |   118 |   290 |   407 ||   815
Dodge: Dodged            |    49 |    49 |    45 |    66 |   142 |   203 ||   554
       Rpst.: Great sword |       |       |       |       |       |     3 ||     3

Table legend:
 A = Non-vault XP
 B = Vault XP
 C = Vault XP percentage of total XP
 D = Non-vault monster count
 E = Vault monster count
 F = Vault count percentage of total count
                 A         B        C        D         E       F
            +---------+---------+-------+---------+---------+-------
      Total |  129324 |   66849 |  34.1 |     676 |     256 |  27.5
            +---------+---------+-------+---------+---------+-------
        D:1 |      45 |       0 |   0.0 |      23 |       0 |   0.0
        D:2 |     210 |     108 |  34.0 |      33 |       3 |   8.3
        D:3 |     110 |     265 |  70.7 |      22 |      18 |  45.0
        D:4 |     250 |      13 |   4.9 |       6 |       1 |  14.3
        D:5 |     397 |     309 |  43.8 |      23 |       3 |  11.5
        D:6 |     608 |       0 |   0.0 |      11 |       0 |   0.0
        D:7 |    1423 |     976 |  40.7 |      28 |       5 |  15.2
        D:8 |    1351 |    1742 |  56.3 |      19 |       3 |  13.6
        D:9 |    1856 |     880 |  32.2 |      32 |       1 |   3.0
       D:10 |    2775 |    9854 |  78.0 |      31 |      19 |  38.0
       D:11 |    4848 |    1656 |  25.5 |      45 |      18 |  28.6
       D:12 |    6888 |       0 |   0.0 |      32 |       0 |   0.0
       D:13 |    5301 |    3537 |  40.0 |      16 |      10 |  38.5
       D:14 |    3911 |    6003 |  60.6 |      17 |       7 |  29.2
       D:15 |   16018 |    5379 |  25.1 |      41 |       5 |  10.9
     Lair:1 |    3243 |       0 |   0.0 |      13 |       0 |   0.0
     Lair:2 |     586 |     935 |  61.5 |       3 |       1 |  25.0
     Lair:3 |    6393 |    5007 |  43.9 |      14 |      16 |  53.3
     Lair:4 |    6420 |    4099 |  39.0 |      18 |       7 |  28.0
     Lair:5 |   12323 |       0 |   0.0 |      29 |       0 |   0.0
     Lair:6 |   14416 |    3787 |  20.8 |      51 |      16 |  23.9
    Swamp:1 |   14294 |    1678 |  10.5 |      45 |       2 |   4.3
    Swamp:2 |   17856 |    4306 |  19.4 |      49 |       1 |   2.0
    Swamp:3 |    3385 |       0 |   0.0 |      10 |       0 |   0.0
      Orc:1 |     633 |       0 |   0.0 |      19 |       0 |   0.0
      Orc:2 |    3784 |    7984 |  67.8 |      46 |      39 |  45.9
     Bailey |       0 |    1958 | 100.0 |       0 |      27 | 100.0
      IceCv |       0 |    6373 | 100.0 |       0 |      54 | 100.0
            +---------+---------+-------+---------+---------+-------
